 Dungeon Crawl Stone Soup version 0.31-a0-23-gcbde74481b (webtiles) character file.

Game seed: 258614379802486426

868 horus123 the Spawn of Chaos (level 7, 0/46 HPs)
             Began as a Demonspawn Hedge Wizard on May 14, 2023.
             Was an Initiate of Makhleb.
             Slain by an orc
             ... wielding a +0 flail
              (6 damage)
             ... on level 5 of the Dungeon.
             The game lasted 00:12:39 (6239 turns).

horus123 the Spawn of Chaos (DsHW)                  Turns: 6239, Time: 00:12:39

Health: 0/46       AC:  5    Str: 11    XL:     7   Next: 73%
Magic:  9/13       EV: 14    Int: 23    God:    Makhleb [......]
Gold:   169        SH:  0    Dex: 12    Spells: 9/14 levels left

rFire   . . .        m - +0 long sword
rCold   . . .        (no shield)
rNeg    . . .        b - +0 robe
rPois   .            j - +0 helmet
rElec   .            D - +0 cloak
rCorr   .            (no gloves)
SInv    .            r - +0 pair of boots
Will    .....        (no amulet)
Stlth   ++           o - +6 ring of intelligence
HPRegen 0.27/turn    (no ring)
MPRegen 0.13/turn

%: no passive effects
@: no status effects
A: repulsion field 1, ignite blood 1, weakness stinger 2
a: Renounce Religion


You were on level 5 of the Dungeon.
You worshipped Makhleb.
Makhleb was noncommittal.
You visited 2 branches of the dungeon, and saw 6 of its levels.

You collected 169 gold pieces.

Inventory:

Hand Weapons
 a - a +0 dagger
 m - a +0 long sword (weapon)
Missiles
 g - 2 atropa-tipped darts
 i - 10 poisoned darts
Armour
 b - a +0 robe (worn)
 c - a +0 hat
 j - a +0 helmet (worn)
 q - a +0 leather armour
 r - a +0 pair of boots (worn)
 A - a scarf of invisibility
 D - a +0 cloak (worn)
Jewellery
 o - a +6 ring of intelligence (left hand)
Wands
 n - a wand of charming (6)
Scrolls
 f - 2 scrolls of identify {unknown}
 h - a scroll of fog {unknown}
 s - 2 scrolls of poison {unknown}
 t - a scroll of fear {unknown}
 u - a scroll of enchant weapon {unknown}
 x - a scroll of magic mapping {unknown}
 C - a scroll of acquirement {unknown}
Potions
 d - a potion of magic
 e - 3 potions of curing {unknown}
 k - a potion of might {unknown}
 l - 3 potions of mutation {unknown}
 p - 3 potions of flight {unknown}
 v - a potion of heal wounds {unknown}
 w - 2 potions of attraction {unknown}
 z - a potion of berserk rage {unknown}
 B - a potion of brilliance {unknown}


   Skills:
 - Level 1.7 Dodging
 - Level 1.7 Stealth
 - Level 4.2 Spellcasting
 - Level 4.3 Conjurations
 - Level 2.8 Summonings
 - Level 0.8 Translocations
 + Level 8.1 Invocations


You had 9 spell levels left.
You knew the following spells:

 Your Spells              Type           Power      Damage    Failure   Level
a - Magic Dart            Conj           96%        1d7       1%          1
b - Call Imp              Summ           34%        N/A       4%          2
c - Blink                 Tloc           16%        N/A       11%         2

Your spell library contained the following spells:

 Spells                   Type           Power      Damage    Failure   Level
 Slow                     Hex            16%        N/A       11%         1
 Cigotuvi's Dreadful Rot  Necr/Pois/Air  8%         N/A       16%         2
 Mephitic Cloud           Conj/Pois/Air  11%        N/A       17%         3


Dungeon Overview and Level Annotations

Branches:
Dungeon (5/15)             Temple (1/1) D:4

Altars:
Cheibriados
Dithmenos
Kikubaaqudgha
Makhleb
Qazlal
Ru
Uskayaw
Wu Jian
Xom

Shops:
D:1 *

Annotations:
D:4 Dowan, Duvessa
D:5 1 runed translucent door, MrSquiggles's ghost, novice MiFi


Innate Abilities, Weirdness & Mutations

You are surrounded by a mild repulsion field. (EV +2)
Your demonic aura sometimes causes spilled blood to erupt in flames.
You have a tail ending in a sharp stinger.


Message History

Confirm with . or Enter, or press ? or * to list all spells.
You blink.
The orc priest miscasts a cantrip.
The orc priest attacks as you move away!
The orc priest closely misses you.
The howler monkey attacks as you move away!
The howler monkey hits you.
* * * LOW HITPOINT WARNING * * *
Casting: Blink (safe; 11% risk of failure)
Confirm with . or Enter, or press ? or * to list all spells.
A tiny devil pulls itself out of the air.
The orc priest completely misses you.
The howler monkey hoots and howls with incredible vigour!
You swap places.
The orc priest hits your cerulean imp but does no damage.
Your cerulean imp closely misses the orc priest.
You feel stable enough to blink again.
The howler monkey hoots and howls with incredible vigour!
The orc priest hits your cerulean imp with a +0 club.
Your cerulean imp hits the orc priest with a -3 spear.
There is an open door, spattered with blood here.
The orc priest hits your cerulean imp with a +0 club.
Your cerulean imp hits the orc priest but does no damage.
The orc priest hits your cerulean imp with a +0 club.
Your cerulean imp hits the orc priest with a -3 spear.
Your magical contamination has completely faded away.
The orc priest hits your cerulean imp with a +0 club.
Your cerulean imp dies!
Your cerulean imp disappears in a puff of smoke!
The howler monkey hoots and howls with incredible vigour!
Aiming: Charm
Press: ? - help, Shift-Dir - straight line, f - orc priest
Aim: an orc priest, wielding a +0 club (moderately wounded, chance to affect: 49%)
The orc priest is charmed.
The howler monkey hoots and howls with incredible vigour!
The howler monkey attacks as you move away!
The howler monkey hits you.
* * * LOW HITPOINT WARNING * * *
The orc hits you with a +0 flail.
You die...

.##.##.....# .
#......{## #.###.#o#
##+## #.# #.#o#
##...## .##.###.#.#
##.....##
........#.###.......##
###.#...#.##.........#
...........'.........+
###.......##....@....#
###..######.hoo...##
#.## ##.....## #.#
##...## #.# ##'## #.#
#.# #.. #.# ##)##
##.).##


You could see a howler monkey, an orc and a friendly orc priest (charmed).

Vanquished Creatures
  2 water moccasins
  An ogre (D:5)
  An orc warrior (D:5)
  A scorpion (D:5)
  A hound (D:4)
  A jelly (D:4)
  2 orc priests (D:3)
  Jessica (D:3)
  Natasha (thrice) (D:3)
  An iguana (D:4)
  An orc wizard (D:5)
  A sleepcap (D:4)
  3 adders
  An ufetubus (D:4)
  3 dart slugs
  13 orcs
  8 endoplasms
  3 giant cockroaches
  6 goblins
  8 hobgoblins
  8 jackals
  3 quokkas
  8 ball pythons
  3 bats
  2 frilled lizards
  5 kobolds
  3 rats
93 creatures vanquished.

Notes
Turn   | Place    | Note
-------+----------+-------------------------------------------
     0 | D:1      | horus123 the Demonspawn Hedge Wizard began the quest for
                  | the Orb.
     0 | D:1      | Reached XP level 1. HP: 13/13 MP: 4/4
   348 | D:1      | Gained mutation: You have a small tail. [demonic ancestry]
   348 | D:1      | Reached XP level 2. HP: 19/19 MP: 0/6
   554 | D:1      | Learned a level 2 spell: Call Imp
   868 | D:1      | Found Bibbeats's Assorted Antiques.
  1483 | D:1      | Found a faded altar of an unknown god.
  1538 | D:2      | Learned a level 2 spell: Blink
  1643 | D:2      | Found a shadowy altar of Dithmenos.
  1688 | D:2      | Reached XP level 3. HP: 24/24 MP: 2/7
  3039 | D:3      | Gained mutation: Your demonic aura sometimes causes spilled
                  | blood to erupt in flames. [demonic ancestry]
  3039 | D:3      | Reached XP level 4. HP: 16/30 MP: 0/8
  3406 | D:3      | Noticed Jessica
  3414 | D:3      | Killed Jessica
  3415 | D:3      | Reached XP level 5. HP: 35/35 MP: 1/10
  3774 | D:3      | Noticed Natasha
  3784 | D:3      | Killed Natasha
  3994 | D:3      | Noticed Natasha
  4003 | D:3      | Killed Natasha
  4176 | D:3      | Noticed Natasha
  4181 | D:3      | Killed Natasha
  4254 | D:4      | Noticed Duvessa
  4366 | D:4      | Noticed Dowan
  4645 | D:4      | Gained mutation: You are surrounded by a mild repulsion
                  | field. (EV +2) [demonic ancestry]
  4645 | D:4      | Reached XP level 6. HP: 22/41 MP: 5/12
  4799 | D:4      | Found a staircase to the Ecumenical Temple.
  4817 | Temple   | Entered the Ecumenical Temple
  4838 | Temple   | Became a worshipper of Makhleb the Destroyer
  4985 | D:4      | Reached skill level 1 in Invocations
  5048 | D:4      | Reached skill level 2 in Invocations
  5239 | D:4      | Reached skill level 3 in Invocations
  5301 | D:4      | Noticed a water moccasin
  5302 | D:4      | Noticed a sky beast
  5328 | D:4      | Killed a water moccasin
  5329 | D:4      | Reached skill level 4 in Invocations
  5549 | D:4      | Reached skill level 5 in Invocations
  5701 | D:4      | Found an ancient bone altar of Kikubaaqudgha.
  5701 | D:4      | Found a sacrificial altar of Ru.
  5723 | D:5      | Entered Level 5 of the Dungeon
  5769 | D:5      | Gained mutation: You have a tail ending in a sharp stinger.
                  | [demonic ancestry]
  5769 | D:5      | Reached XP level 7. HP: 46/46 MP: 4/13
  5846 | D:5      | Reached skill level 6 in Invocations
  5996 | D:5      | Found a runed translucent door.
  5999 | D:5      | Noticed MrSquiggles's ghost (novice MiFi)
  6031 | D:5      | Found a shadowy altar of Dithmenos.
  6215 | D:5      | Reached skill level 7 in Invocations
  6219 | D:5      | Reached skill level 8 in Invocations
  6239 | D:5      | Slain by an orc

Illustrated notes

Levels and vault maps discovered:
D:1:      dpeg_arrival_oval, layout_loops_ring, serial_shops, shop,
          shapermc_ecumenical_altar_acropolis
D:2:      layout_basic, basic_altar
D:3:      layout_basic, uniq_jessica, uniq_natasha
D:4:      minmay_inner_zag, layout_basic, gammafunk_temple_overflow_statue,
          temple_doors_e, uniq_duvessa
D:5:      layout_loops_corners, grunt_dithmenos_smoke, ebering_ghost_sewer_f
Temple:   eino_temple_scatter_basement

Skill      XL: |  1  2  3  4  5  6  7 |
---------------+----------------------+-----
Conjurations   | 2 3 4 |  4.3
Spellcasting   | 4 |  4.2
Summonings     | 2 |  2.8
Invocations    | 5 8 |  8.1
Dodging        | |  1.7
Stealth        | |  1.7
Translocations | |  0.8

Action                     |  1- 3 |  4- 6 |  7- 9 || total
---------------------------+-------+-------+-------++-------
  Melee: Dagger            |    28 |       |       ||    28
         Tailslap          |     6 |     8 |       ||    14
         Long sword        |    13 |    84 |     2 ||    99
         Punch             |       |     1 |       ||     1
   Cast: Magic Dart        |   104 |   109 |    14 ||   227
         Call Imp          |       |     8 |     2 ||    10
         Blink             |       |       |     1 ||     1
  Evoke: Wand              |       |       |     9 ||     9
 Armour: Robe              |    20 |    36 |     5 ||    61
  Dodge: Dodged            |    55 |    99 |    11 ||   165

Table legend: (Time is in decaauts)
 A = Elapsed time spent in this place.
 B = Non-inter-level travel time spent in this place.
 C = Inter-level travel time spent in this place.
 D = Time resting spent in this place.
 E = Time spent auto-exploring this place.
 F = Levels seen in this place.
 G = Mean time per level.
                   A        B        C        D        E       F      G
               +--------+--------+--------+--------+--------+-----+--------+
         Total |   6296 |   6193 |    103 |    818 |   4178 |   6 | 1049.3 |
       Dungeon |   6249 |   6146 |    103 |    818 |   4167 |   5 | 1249.8 |
        Temple |     46 |     46 |      0 |      0 |     11 |   1 |   46.0 |
               +--------+--------+--------+--------+--------+-----+--------+

Top non-repeatable levels by time:
     D:3: 1684 daAuts
     D:1: 1507 daAuts
     D:2: 1377 daAuts
     D:4: 1164 daAuts
     D:5: 516 daAuts
  Temple: 46 daAuts
